 Dungeon Crawl Stone Soup version 0.30-a0-956-gcec3b41aec (webtiles) character file.

Game seed: 15815034145235230553

305 retardedninja the Covered (level 6, -13/54 HPs)
             Began as an Armataur Fighter on Mar 29, 2023.
             Mangled by an ogre
             ... wielding a +0 giant spiked club
              (19 damage)
             ... on level 3 of the Dungeon.
             The game lasted 00:04:46 (3478 turns).

retardedninja the Covered (Armataur Fighter)        Turns: 3478, Time: 00:04:46

Health: -13/54     AC:  7    Str: 23    XL:     6   Next: 16%
Magic:  6/6        EV:  7    Int:  8    God:
Gold:   153        SH:  4    Dex: 10    Spells: 5/5 levels left

rFire   . . .      SeeInvis .    a - +2 war axe
rCold   . . .      Faith    .    c - +0 buckler
rNeg    . . .      Spirit   .    b - +0 scale mail
rPois   .          Reflect  .    (no helmet)
rElec   .          Roll     +    (no cloak)
rCorr   .                        (no gloves)
Will    .....                    (no barding) Stlth
                                 (no amulet)
HPRegen 0.29/turn                (no ring)
MPRegen 0.10/turn                (no ring)

@: no status effects
A: large, rugged brown scales 3, deformed body, armoured tail, roll, long
tongue, awkward tongue
a: no special abilities


You were on level 3 of the Dungeon.
You visited 1 branch of the dungeon, and saw 4 of its levels.

You collected 153 gold pieces.

Inventory:

Hand Weapons
 a - a +2 war axe (weapon)
Armour
 b - a +0 scale mail (worn)
 c - a +0 buckler (worn)
Jewellery
 j - an amulet of magic regeneration
 m - a +5 ring of evasion
 t - the ring "Lydghun" {rPois rF+ rN+ rCorr Slay+2}
   (You found it on level 3 of the Dungeon)

   [ring of resist corrosion]

   Slay:      It affects your accuracy & damage with ranged weapons and melee
   (+2).
   rF:        It protects you from fire.
   rPois:     It protects you from poison.
   rN:        It protects you from negative energy.
   rCorr:     It protects you from acid and corrosion.
Wands
 p - a wand of mindburst (19)
Scrolls
 g - 2 scrolls of teleportation {unknown}
 h - a scroll of blinking
 i - a scroll of identify
 o - a scroll of immolation {unknown}
 q - 4 scrolls of enchant armour {unknown}
 r - 2 scrolls of vulnerability {unknown}
 s - 2 scrolls of magic mapping {unknown}
 u - a scroll of silence {unknown}
 v - a scroll of fear {unknown}
Potions
 d - a potion of might
 e - a potion of heal wounds {unknown}
 f - a potion of magic {unknown}
 k - a potion of mutation
 l - 2 potions of cancellation
 n - a potion of haste


   Skills:
 + Level 3.6 Fighting
 * Level 3.5 Axes
 + Level 4.9 Armour
 + Level 4.5 Shields


You had 5 spell levels left.
You didn't know any spells.
Your spell library contained the following spells:

 Spells                   Type           Power      Damage    Failure   Level
 Sandblast                Erth           0%         2d4       78%         1
 Ensorcelled Hibernation  Hex/Ice        0%         N/A       89%         2
 Passwall                 Tmut/Erth      0%         N/A       89%         2
 Stone Arrow              Conj/Erth      0%         3d7       98%         3
 Freezing Cloud           Conj/Ice/Air   0%         6-21      100%        5
 Simulacrum               Ice/Necr       0%         N/A       100%        6


Dungeon Overview and Level Annotations

Branches:
Dungeon (4/15)
 Temple: D:4-7

Altars:
Elyvilon

Annotations:
D:4 Robin


Innate Abilities, Weirdness & Mutations

You are completely covered in rugged brown scales. (AC +3, +7% HP)
Armour fits poorly on your strangely shaped body.
You have a long armoured tail.
You roll when moving toward enemies. (Rampage)
Your long tongue fully drains potion bottles. (2x potion effects)
Your tongue gives you trouble enunciating. (1.5x scroll delay)


Message History

The goblin hits you but does no damage.
The ogre hits you with a +0 giant spiked club!
The goblin hits you but does no damage.
You see here a +0 dagger.
The goblin attacks as you move away! The goblin hits you with a +0 dagger.
The goblin hits you but does no damage. The goblin attacks as you move away!
The goblin hits you but does no damage.
There is a stone staircase leading up here.
The goblin hits you but does no damage.
You climb upwards.
There is a stone staircase leading down here.
You slash the goblin!
You kill the goblin!
You see here a +0 dagger.
You start resting.
HP restored.
You start waiting.
Done waiting.
You see here a +0 dagger.
There is a stone staircase leading down here.
You climb downwards.
Level annotation: Robin The orc hits you with a +0 whip.
The orc barely misses you.
The ogre hits you with a +0 giant spiked club!!
Ouch! That really hurt!
There is a stone staircase leading up, spattered with blood here.
You block the orc's attack.
You climb upwards.
There is a stone staircase leading down here.
Blink to where?
Press: ? - help, Q - select action, (/) - cycle Dir - move target As you slowly read the scroll of blinking, it crumbles to dust.
The ogre attacks as you move away!
The ogre hits you with a +0 giant spiked club!!
* * * LOW HITPOINT WARNING * * *
There is an open door here.
There is an open door here.
The ogre attacks as you move away!
The ogre hits you with a +0 giant spiked club!!
You die...

#. #. #. #. ############### #.
..............# #)
..............# #.
..............################
#.
..............'O@............#
#.
.............o##############.#
#. ..............# #......<#.#
#. ############o####
#.#####.#.# #. #
#............# #.........# #.
# #............#
#############. #............#
#............
#............#####.###########
#................#.#..........


You could see an ogre and an orc.

Vanquished Creatures
  Sigmund (D:3)
  Terence (D:3)
  3 gnolls
  2 adders (D:2)
  A worm (D:2)
  A dart slug (D:1)
  7 endoplasms
  2 giant cockroaches
  9 hobgoblins
  2 jackals (D:1)
  10 kobolds
  A quokka (D:2)
  7 ball pythons
  11 bats
  A frilled lizard (D:1)
  3 goblins
  6 rats
  A spectral goblin (D:1)
69 creatures vanquished.

Vanquished Creatures (others)
  A quokka (D:4)
  9 plants (D:3)
10 creatures vanquished.

Grand Total: 79 creatures vanquished

Notes
Turn   | Place    | Note
-------+----------+-------------------------------------------
     0 | D:1      | retardedninja the Armataur Fighter began the quest for the
                  | Orb.
     0 | D:1      | Reached XP level 1. HP: 19/19 MP: 1/1
   106 | D:1      | Reached XP level 2. HP: 26/26 MP: 2/2
   507 | D:1      | Reached XP level 3. HP: 30/32 MP: 3/3
   552 | D:1      | Found a faded altar of an unknown god.
  1022 | D:2      | Got the Guidebook on the Blizzard
  1311 | D:2      | Reached XP level 4. HP: 40/40 MP: 4/4
  1940 | D:3      | Noticed Terence
  1952 | D:3      | Killed Terence
  2068 | D:3      | Noticed Sigmund
  2091 | D:3      | HP: 1/40 [something (7)]
  2094 | D:3      | Killed Sigmund
  2095 | D:3      | Reached XP level 5. HP: 2/48 MP: 5/5
  2095 | D:3      | Reached XP level 6. HP: 2/54 MP: 6/6
  2718 | D:3      | Identified the ring "Lydghun" {rPois rF+ rN+ rCorr Slay+2}
  3281 | D:4      | Noticed Robin
  3282 | D:4      | Found a white marble altar of Elyvilon.
  3478 | D:3      | Mangled by an ogre

Illustrated notes

Levels and vault maps discovered:
D:1:      reono_arrival_mine, layout_basic,
          dreamdust_ecumenical_altar_drowned_temple, item_on_display_a
D:2:      layout_rooms, grunt_decor_fettered, kennysheep_cross_bottleneck
D:3:      wad_lake_hut, layout_basic, uniq_sigmund, uniq_terence
D:4:      layout_loops_ring, elyvilon_altar_4, minmay_temple_entry_waves,
          minmay_strange_pillars, uniq_robin

Skill      XL: |  1  2  3  4 |
---------------+-------------+-----
Axes           | 2 3 |  3.5
Armour         | 4 |  4.9
Fighting       | 3 |  3.6
Shields        | 4 |  4.5

Action                     |  1- 3 |  4- 6 || total
---------------------------+-------+-------++-------
  Melee: War axe           |   133 |    84 ||   217
         Tailslap          |    14 |     8 ||    22
    Use: Scroll            |       |     7 ||     7
         Potion            |       |     1 ||     1
 Armour: Scale mail        |    93 |    44 ||   137
  Dodge: Dodged            |    42 |    30 ||    72
  Block: Buckler           |    34 |    21 ||    55

Table legend: (Time is in decaauts)
 A = Elapsed time spent in this place.
 B = Non-inter-level travel time spent in this place.
 C = Inter-level travel time spent in this place.
 D = Time resting spent in this place.
 E = Time spent auto-exploring this place.
 F = Levels seen in this place.
 G = Mean time per level.
                   A        B        C        D        E       F      G
               +--------+--------+--------+--------+--------+-----+--------+
         Total |   3575 |   3510 |     65 |    937 |   1967 |   4 |  893.8 |
       Dungeon |   3575 |   3510 |     65 |    937 |   1967 |   4 |  893.8 |
               +--------+--------+--------+--------+--------+-----+--------+

Top non-repeatable levels by time:
     D:3: 1549 daAuts
     D:1: 1379 daAuts
     D:2: 607 daAuts
     D:4: 38 daAuts
